 Dungeon Sprint DCSS version 0.20.1-1-g8b1a95d (webtiles) character file.

603 JustSomeDude the Carver (level 7, 0/63 HPs)
             Began as a Demonspawn Monk on Aug 26, 2017.
             Was a High Priest of Jiyva.
             Slain by a demonic crawler (9 damage)
             ... in the Dungeon (Sprint I: "Red Sonja").
             The game lasted 00:05:07 (816 turns).

JustSomeDude the Carver (Demonspawn Monk)            Turns: 816, Time: 00:05:08

Health: 0/63       AC:  5    Str: 12    XL:     7   Next: 18%
Magic:  1/7        EV: 23    Int: 10    God:    Jiyva [*****.]
Gold:   57         SH:  0    Dex: 23    Spells: 6/6 levels left

rFire    . . .     SeeInvis .   a - +0 falchion
rCold    . . .     Gourm    .   (no shield)
rNeg     . . .     Faith    .   k - +0 leather armour
rPois    .         Spirit   .   (no helmet)
rElec    .         Reflect  .   (no cloak)
rCorr    +         Harm     .   (no gloves)
MR       .....     NoTele   +   (no boots)
Stlth    +++++.....             (no amulet)
Regen    0.2/turn               (no ring)
MPRegen  0.1/turn               (no ring)

@: agile, slimy (expiring)
A: claws 1, iridescent scales 1, powered by pain 1, tendrils
a: Request Jelly, Slimify, Cure Bad Mutation, Renounce Religion


You were in the Dungeon.
You worshipped Jiyva.
Jiyva was extremely pleased with you.
You were completely stuffed.

You visited 1 branch You collected 162 gold pieces.
You spent 105 gold pieces at shops.

Inventory:

Hand Weapons
 a - a +0 falchion (weapon)
Armour
 k - a +0 leather armour (worn)
Jewellery
 b - an uncursed ring of see invisible {unknown}
Wands
 f - a wand of digging (12/24)
 j - a wand of digging (12/24)
Scrolls
 i - a scroll of blinking
Potions
 g - 2 potions of magic
Comestibles
 c - a bread ration
 h - a royal jelly


   Skills:
 + Level 8.4 Fighting
 + Level 8.8 Long Blades
 + Level 2.6 Armour
 + Level 7.1 Dodging
 + Level 6.3 Stealth


You had 6 spell levels left.
You didn't know any spells.

Dungeon Overview and Level Annotations

Branches:
Dungeon (1/1)

Altars:
Cheibriados
Dithmenos
Elyvilon
Fedhas
Gozag
Hepliaklqana
Kikubaaqudgha
Makhleb
Nemelex Xobeh
Okawaru
Qazlal
Ru
Sif Muna
Trog
Uskayaw
Vehumet
Xom
Yredelemnul
Zin
The Shining One
Jiyva
Lugonu

Shops:
D *


Innate Abilities, Weirdness & Mutations

You have sharp fingernails.
You are partially covered in iridescent scales. (AC +2)
You sometimes gain a little power by taking damage.
You are covered in slimy tendrils that may disarm your opponents.


Message History

The demonic crawler hits the jelly!
The demonic crawler is burned by acid!
The demonic crawler hits the jelly!
The demonic crawler is burned by acid!
The jelly barely misses the demonic crawler.
The jelly hits the demonic crawler.
The demonic crawler is splashed with acid.
The acid corrodes the demonic crawler!
There is a bloodstained altar of Trog here.
The demonic crawler hits the jelly!
The jelly dies!
The demonic crawler hits you.
* * * LOW HITPOINT WARNING * * *
The demonic crawler closely misses you.
The demonic crawler completely misses you.
There is a basalt altar of Yredelemnul here.
You hit the demonic crawler but do no damage.
The demonic crawler is lightly wounded.
The demonic crawler hits you.
* * * LOW HITPOINT WARNING * * *
The demonic crawler hits you!
You die...

###################
#<.#..+..#..+..#__#
#..+..#..+..#..'..+
#..#####+#####'#__#
#..####..#...#.####§§
#..#__####..##.#≈§§.c
#..#_____##.#...§§≈§
#⌠⌠#_.∩...J...§#≈≈§§c
####@ss__##_.#+##+###
#__J__###'# #######
#.# ....T.........$
++####...###### ##.##
#'# !.! $))


You could see 2 demonic crawlers and 2 neutral jellies (fellow slime).

Vanquished Creatures
  A slime creature (D)
  Sigmund (D)
  A yak (D)
  An ogre (D)
  Ijyb (D)
5 creatures vanquished.

Vanquished Creatures (others)
  Sonja (D)
  A gargoyle (D)
  7 jellies (D)
  2 ballistomycetes (D)
  2 ballistomycete spores (D)
13 creatures vanquished.

Grand Total: 18 creatures vanquished

Notes
Turn   | Place    | Note
-------+----------+-------------------------------------------
     0 | D        | JustSomeDude the Demonspawn Monk began the quest for the Orb.
     0 | D        | Reached XP level 1. HP: 18/18 MP: 1/1
     1 | D        | Noticed Ijyb
    15 | D        | Killed Ijyb
    15 | D        | Gained mutation: You are partially covered in iridescent scales. (AC +2) [demonic ancestry]
    15 | D        | Reached XP level 2. HP: 9/25 MP: 2/2
   105 | D        | Killed a gargoyle
   206 | D        | Noticed an ogre
   218 | D        | Killed an ogre
   218 | D        | Reached skill level 5 in Fighting
   218 | D        | Reached skill level 5 in Long Blades
   218 | D        | Reached skill level 5 in Dodging
   218 | D        | Reached XP level 3. HP: 33/33 MP: 3/3
   218 | D        | Reached XP level 4. HP: 39/39 MP: 4/4
   220 | D        | Noticed Sigmund
   239 | D        | Killed Sigmund
   239 | D        | Reached skill level 1 in Armour
   239 | D        | Reached XP level 5. HP: 26/47 MP: 5/5
   381 | D        | Found a burning altar of Makhleb.
   381 | D        | Found a viscous altar of Jiyva.
   381 | D        | Found a shimmering altar of Xom.
   381 | D        | Found a corrupted altar of Lugonu.
   381 | D        | Noticed a slime creature
   393 | D        | Killed a slime creature
   393 | D        | Reached skill level 5 in Stealth
   393 | D        | Gained mutation: You sometimes gain a little power by taking damage. [demonic ancestry]
   393 | D        | Reached XP level 6. HP: 42/56 MP: 6/6
   580 | D        | Became a worshipper of Jiyva Jumeod the Shapeless
   580 | D        | Reached * piety under Jiyva
   580 | D        | Reached ** piety under Jiyva
   582 | D        | Found a deep blue altar of Sif Muna.
   584 | D        | Found a radiant altar of Vehumet.
   588 | D        | Noticed a centaur warrior
   589 | D        | Noticed a centaur warrior
   589 | D        | Reached *** piety under Jiyva
   591 | D        | Gained mutation: You have an increased reservoir of magic. (+10% MP) [Jiyva's grace]
   593 | D        | Found Sazicuck's Assorted Antiques.
   593 | D        | Found an ancient bone altar of Kikubaaqudgha.
   593 | D        | Found a hazy altar of Hepliaklqana.
   593 | D        | Found a stormy altar of Qazlal.
   593 | D        | Found a hide-covered altar of Uskayaw.
   593 | D        | Found a blossoming altar of Fedhas.
   593 | D        | Found a bloodstained altar of Trog.
   593 | D        | Found an iron altar of Okawaru.
   593 | D        | Found a basalt altar of Yredelemnul.
   593 | D        | Found a glowing golden altar of the Shining One.
   593 | D        | Found a snail-covered altar of Cheibriados.
   593 | D        | Found a sacrificial altar of Ru.
   593 | D        | Found a glowing silver altar of Zin.
   593 | D        | Found a shadowy altar of Dithmenos.
   593 | D        | Found a white marble altar of Elyvilon.
   593 | D        | Noticed a yak
   594 | D        | Found an opulent altar of Gozag.
   598 | D        | Reached **** piety under Jiyva
   604 | D        | Killed a yak
   604 | D        | Gained mutation: You have sharp fingernails. [demonic ancestry]
   604 | D        | Reached XP level 7. HP: 29/63 MP: 7/7
   605 | D        | Found a sparkling altar of Nemelex Xobeh.
   609 | D        | Bought a potion of heal wounds for 105 gold pieces
   633 | D        | Lost mutation: You have an increased reservoir of magic. (+10% MP) [Jiyva's grace]
   641 | D        | Gained mutation: You are covered in slimy tendrils that may disarm your opponents. [Jiyva's grace]
   641 | D        | Reached ***** piety under Jiyva
   645 | D        | Noticed a demonic crawler
   654 | D        | Killed Sonja
   684 | D        | Noticed a deep troll
   791 | D        | Noticed a demonic crawler
   799 | D        | Noticed a demonic crawler
   816 | D        | Slain by a demonic crawler

Skill      XL: |  1  2  3  4  5  6 |
---------------+-------------------+-----
Fighting       | 4 5 6 8 |  8.4
Long Blades    | 4 5 7 8 |  8.8
Dodging        | 3 5 6 7 |  7.1
Stealth        | 2 3 4 5 6 |  6.3
Armour         | 1 2 |  2.6

Action                   |  1- 3 |  4- 6 |  7- 9 || total
-------------------------+-------+-------+-------++-------
Melee: Falchion          |    21 |    36 |    13 ||    70
Invok: Request Jelly     |       |       |     3 ||     3
       Slimify           |       |       |     1 ||     1
  Use: Potion            |     1 |     1 |     4 ||     6
 Stab: Sleeping          |     2 |     2 |       ||     4
       Distracted        |       |       |     1 ||     1
Armor: Robe              |     2 |       |       ||     2
       Leather armour    |       |       |     1 ||     1
Dodge: Dodged            |    10 |    10 |    51 ||    71
       Rpst.: Falchion   |     1 |     5 |       ||     6
